 Dungeon Crawl Stone Soup version 0.21.0 (webtiles) character file.

67 bombasticus the Skirmisher (level 4, -5/43 HPs)
             Began as a Gargoyle Berserker on Jan 17, 2018.
             Was a Believer of Trog.
             Slain by a worm (7 damage)
             ... on level 2 of the Dungeon.
             The game lasted 00:03:42 (1385 turns).

bombasticus the Skirmisher (Gargoyle Berserker)     Turns: 1385, Time: 00:03:43

Health: -5/43      AC:  5    Str: 26    XL:     4   Next: 16%
Magic:  4/4        EV: 12    Int:  8    God:    Trog [**....]
Gold:   65         SH:  0    Dex:  9    Spells: 3/3 levels left

rFire    . . .     SeeInvis .   a - +0 falchion
rCold    . . .     Gourm    .   (no shield)
rNeg     + . .     Faith    .   b - +0 animal skin
rPois    ∞         Spirit   .   (no helmet)
rElec    +         Reflect  .   (no cloak)
rCorr    .         Harm     .   (no gloves)
MR       .....                  (no boots)
Stlth    ..........             (no amulet)
HPRegen  0.14/turn              (no ring)
MPRegen  0.09/turn              (no ring)

@: berserking (expiring), very quick
A: negative energy resistance 1, electricity resistance, unbreathing,
petrification resistance, rot immunity, AC +3
a: Berserk, Trog's Hand, Burn Spellbooks, Renounce Religion


You were on level 2 of the Dungeon.
You worshipped Trog.
Trog was pleased with you.
You were hungry.

You visited 1 branch of the dungeon, and saw 2 of its levels.

You collected 65 gold pieces.

Inventory:

Hand Weapons
 a - a +0 falchion (weapon)
 m - a +0 hunting sling
 n - a +0 quarterstaff
Armour
 b - a +0 animal skin (worn)
Scrolls
 d - 4 scrolls of amnesia {unknown}
 e - 2 scrolls of identify {unknown}
 g - 7 scrolls of teleportation {unknown}
 i - a scroll of random uselessness {unknown}
 k - a scroll of magic mapping {unknown}
 l - a scroll of blinking {unknown}
Potions
 h - a potion of degeneration {unknown}
 j - a potion of brilliance {unknown}
Comestibles
 c - 2 rations
 f - a chunk of flesh


   Skills:
 + Level 4.1 Fighting
 + Level 3.0 Long Blades
 + Level 2.2 Armour
 + Level 2.5 Dodging
 + Level 0.4 Stealth


You had 3 spell levels left.
You didn't know any spells.

Dungeon Overview and Level Annotations

Branches:
Dungeon (2/15)

Altars:


Innate Abilities, Weirdness & Mutations

You are resistant to torment.
Your stone body is resilient. (AC +3)
You are immune to poison.
You resist negative energy. (rN+)
You are resistant to electric shocks. (rElec)
You can survive without breathing.
You are immune to petrification.
You are immune to rotting.


Message History

The hobgoblin no longer looks unusually strong.
The hobgoblin hits you but does no damage.
The goblin hits you but does no damage. The goblin hits you with a club.
* * * LOW HITPOINT WARNING * * *
Unknown command.
You closely miss the hobgoblin. The hobgoblin closely misses you.
The worm bites you but does no damage. The goblin hits you with a dagger.
* * * LOW HITPOINT WARNING * * *
The hobgoblin barely misses you.
Unknown command.
You barely miss the worm.
The goblin no longer looks unusually strong.
The goblin closely misses you.
The hobgoblin hits you but does no damage.
The goblin hits you but does no damage.
You hit the worm.
The worm is lightly wounded.
The hobgoblin barely misses you. The goblin completely misses you.
You riposte.
You barely miss the goblin. The worm bites you!
You die...

#####.##.##...#
#......$......#
#.......##....#
#......†#
#.....
#.......# .....
#.#...$...#
.$..
#....g†...# .$.
##..#gg#### ...
##.#@##
#...ggwg..#
#.....g...#
#.........#
#.........#
#.?...>..?#
#.........#
#.........#


You could see a worm, 2 hobgoblins and 5 goblins.

Vanquished Creatures
  Robin (D:2)
  An adder (D:2)
  An ooze (D:1)
  A dart slug (D:1)
  3 leopard geckos (D:1)
  6 bats (D:1)
  5 hobgoblins
  A ball python (D:1)
  2 frilled lizards
  12 goblins
  3 kobolds (D:1)
  3 rats (D:1)
39 creatures vanquished.

Notes
Turn   | Place    | Note
-------+----------+-------------------------------------------
     0 | D:1      | bombasticus the Gargoyle Berserker began the quest for the Orb.
     0 | D:1      | Reached XP level 1. HP: 14/14 MP: 1/1
   255 | D:1      | Reached XP level 2. HP: 17/20 MP: 2/2
   652 | D:1      | Reached skill level 4 in Fighting
   677 | D:1      | Reached XP level 3. HP: 21/24 MP: 3/3
   800 | D:1      | Reached ** piety under Trog
  1363 | D:2      | Noticed Robin
  1374 | D:2      | Reached XP level 4. HP: 26/29 MP: 4/4
  1380 | D:2      | Killed Robin
  1383 | D:2      | HP: 2/43 [goblin/dagger[Robin] (3)]
  1385 | D:2      | Slain by a worm

Skill      XL: |  1  2  3 |
---------------+----------+-----
Fighting       | 4 |  4.1
Dodging        | 2 |  2.5
Long Blades    | 3 |  3.0
Armour         | |  2.2
Stealth        | |  0.4

Action                   |  1- 3 |  4- 6 || total
-------------------------+-------+-------++-------
Melee: Falchion          |   113 |    11 ||   124
Invok: Berserk           |     1 |       ||     1
 Stab: Sleeping          |     1 |       ||     1
  Eat: Chunk             |     2 |       ||     2
Armor: Animal skin       |    52 |     6 ||    58
Dodge: Dodged            |    89 |    19 ||   108
       Rpst.: Falchion   |    30 |     3 ||    33
